 Dungeon Crawl Stone Soup version 0.28.0-53-g5a82cb258f (webtiles) character file.

Game seed: 16491242921917386453

1321 Shockd the Skirmisher (level 8, -8/74 HPs)
             Began as a Minotaur Berserker on May 20, 2022.
             Was a Believer of Trog.
             Killed by divine providence
             ... invoked by an orc priest
              (13 damage)
             ... on level 5 of the Dungeon.
             The game lasted 00:03:10 (6689 turns).

Shockd the Skirmisher (Minotaur Berserker)          Turns: 6689, Time: 00:03:10

Health: -8/74      AC:  2    Str: 24    XL:     8   Next: 33%
Magic:  7/7        EV: 13    Int:  4    God:    Trog [**....]
Gold:   157        SH:  0    Dex: 10    Spells: 7/7 levels left

rFire   . . .      SeeInvis .   a - +1 hand axe (vorpal)
rCold   . . .      Faith    .   (no shield)
rNeg    . . .      Spirit   .   b - +0 animal skin
rPois   .          Reflect  .   (helmet restricted)
rElec   .          Harm     .   (no cloak)
rCorr   .          Rampage  .   (no gloves)
Will    ++...                   (no boots)
Stlth   +.........              (no amulet)
HPRegen 1.22/turn               (no ring)
MPRegen 0.10/turn               (no ring)

@: strong-willed, regenerating
A: horns 2, retaliatory headbutt
a: Renounce Religion, Berserk, Trog's Hand


You were on level 5 of the Dungeon.
You worshipped Trog.
Trog was pleased with you.
You visited 1 branch of the dungeon, and saw 5 of its levels.

You collected 157 gold pieces.

Inventory:

Hand Weapons
 a - a +1 vorpal hand axe (weapon)
Armour
 b - a +0 animal skin (worn)
Scrolls
 d - a scroll of enchant weapon {unknown}
 f - a scroll of immolation {unknown}
 h - a scroll of holy word {unknown}
 j - 2 scrolls of amnesia {unknown}
 k - 2 scrolls of teleportation {unknown}
 m - 2 scrolls of identify {unknown}
 o - a scroll of torment {unknown}
 p - a scroll of blinking {unknown}
Potions
 c - a potion of flight {unknown}
 e - a potion of might {unknown}
 g - a potion of lignification {unknown}
 i - a potion of magic {unknown}
 l - a potion of ambrosia {unknown}
 n - 2 potions of heal wounds {unknown}


   Skills:
 * Level 7.9 Fighting
 * Level 7.9 Axes
 + Level 5.4 Armour
 + Level 5.0 Dodging


You had 7 spell levels left.
You didn't know any spells.
Your spell library was empty.

Dungeon Overview and Level Annotations

Branches:
Dungeon (5/15)
 Temple: D:4-7

Altars:


Innate Abilities, Weirdness & Mutations

You have a pair of horns on your head.
You reflexively headbutt those who attack you in melee.


Message History

You hit the orc wizard but do no damage.
The orc wizard is heavily wounded.
The orc wizard hits you with a +0 dagger.
Unknown command.
You closely miss the orc wizard. You headbutt the orc wizard.
The orc wizard is almost dead.
The gnoll closely misses you.
The orc wizard hits you but does no damage.
Unknown command.
You slash the orc wizard!
You kill the orc wizard!
Trog accepts your kill.
Trog appreciates your killing of a magic user.
The gnoll hits you from afar with a +0 halberd.
Unknown command.
You hit the orc priest.
The orc priest is heavily wounded.
The orc priest hits you with a +0 hand axe.
The gnoll hits you from afar with a +0 halberd!
The orc priest casts a cantrip, but nothing happens.
Unknown command.
You barely miss the orc priest.
The orc priest is heavily wounded.
The orc priest hits you with a +0 hand axe!
The gnoll closely misses you.
The orc priest invokes the aid of Beogh against you.
Beogh smites you!
Unknown command.
You are too injured to fight recklessly!
The gnoll hits you with a +0 halberd!
* * * LOW HITPOINT WARNING * * *
The gnoll hits you but does no damage.
The gnoll hits you from afar with a +0 halberd!
* * * LOW HITPOINT WARNING * * *
The orc priest casts a cantrip, but nothing happens.
Your skin crawls.
You feel strong-willed.
The orc priest calls down the wrath of Beogh upon you.
Beogh smites you!
You die...

.. .# .. .. #####. ##.##
#..... #... #..... #..#
#..... #..# #.....###..# #
#go...# # ##
#.##@############# # #..
#.##.............# ##
#...##g##############.###.
#..o)oo..gg..>.........[..
###o##.####.#.#######.###.
# #$# #...รท.... #!#
#.#....#. #.# ###.#.#..#.
#.# ...........


You could see an orc priest and a gnoll.

Vanquished Creatures
  Sigmund (D:3)
  A black bear (D:4)
  3 ogres
  2 necrophages
  2 scorpions (D:5)
  A howler monkey (D:5)
  A bullfrog zombie (D:3)
  An orc priest (D:3)
  2 hounds
  An iguana (D:5)
  2 orc wizards
  Terence (D:2)
  Natasha (thrice) (D:3)
  A hound skeleton (D:4)
  A howler monkey zombie (D:5)
  9 adders
  An ufetubus (D:5)
  2 worms
  3 dart slugs
  9 orcs
  9 ball pythons
  6 bats
  8 endoplasms
  2 giant cockroaches
  9 hobgoblins
  3 quokkas
  A frilled lizard (D:1)
  7 goblins
  5 kobolds
  9 rats
106 creatures vanquished.

Notes
Turn   | Place    | Note
-------+----------+-------------------------------------------
     0 | D:1      | Shockd the Minotaur Berserker began the quest for the Orb.
     0 | D:1      | Reached XP level 1. HP: 19/19 MP: 0/0
   265 | D:1      | Reached XP level 2. HP: 27/27 MP: 1/1
   942 | D:1      | Reached XP level 3. HP: 31/33 MP: 2/2
  1393 | D:2      | Noticed Terence
  1402 | D:2      | Killed Terence
  1595 | D:2      | Reached XP level 4. HP: 41/41 MP: 3/3
  1595 | D:2      | Reached ** piety under Trog
  1685 | D:2      | Found a faded altar of an unknown god.
  2631 | D:3      | Reached skill level 5 in Fighting
  2839 | D:3      | Reached XP level 5. HP: 45/48 MP: 4/4
  2891 | D:3      | Reached skill level 5 in Axes
  3257 | D:3      | Noticed Sigmund
  3271 | D:3      | Killed Sigmund
  3272 | D:3      | Reached XP level 6. HP: 50/57 MP: 5/5
  3437 | D:3      | Noticed Natasha
  3444 | D:3      | Killed Natasha
  3745 | D:3      | Noticed Natasha
  3753 | D:3      | Killed Natasha
  3859 | D:3      | Noticed Natasha
  3864 | D:3      | Killed Natasha
  4356 | D:4      | Reached XP level 7. HP: 28/64 MP: 6/6
  5936 | D:5      | Entered Level 5 of the Dungeon
  5944 | D:5      | Reached skill level 5 in Armour
  5946 | D:5      | Reached XP level 8. HP: 73/73 MP: 7/7
  6498 | D:5      | Reached skill level 5 in Dodging
  6684 | D:5      | HP: 3/74 [gnoll/+0 halberd (13)]
  6689 | D:5      | Killed from afar by an orc priest

Illustrated notes

Levels and vault maps discovered:
D:1:      lemuel_arrival_cross, layout_loops_ring, ebering_dispersal_statue_hall
D:2:      layout_loops_ring, nicolae_ecumenical_pavilion, uniq_terence
D:3:      layout_basic, nrook_loot_triangle, chequers_jeans, uniq_natasha,
          uniq_sigmund
D:4:      layout_layer_cave
D:5:      layout_basic

Skill      XL: |  1  2  3  4  5  6  7  8 |
---------------+-------------------------+-----
Axes           | 4 5 6 7 |  7.9
Fighting       | 4 5 6 7 |  7.9
Armour         | 3 4 5 |  5.4
Dodging        | 3 4 5 |  5.0

Action                   |  1- 3 |  4- 6 |  7- 9 || total
-------------------------+-------+-------+-------++-------
Melee: Hand axe          |    71 |    96 |    80 ||   247
       Headbutt          |     7 |    12 |    20 ||    39
       Punch             |     1 |     1 |     1 ||     3
Invok: Berserk           |     1 |     2 |     2 ||     5
       Trog's Hand       |       |       |     1 ||     1
 Stab: Sleeping          |     1 |       |       ||     1
Armor: Animal skin       |    13 |    16 |     8 ||    37
Dodge: Dodged            |    32 |    56 |    50 ||   138
